 Dungeon Crawl Stone Soup version 0.30.0-19-g36f170ea60 (webtiles) character file.

Game seed: 12362616755659182172

70 growler the Insei (level 4, -1/32 HPs)
             Began as a Merfolk Transmuter on May 26, 2023.
             Slain by a gnoll
             ... wielding a +0 whip
              (5 damage)
             ... on level 3 of the Dungeon.
             The game lasted 00:06:29 (1744 turns).

growler the Insei (Merfolk Transmuter)              Turns: 1744, Time: 00:06:30

Health: -1/32      AC:  2    Str: 10    XL:     4   Next: 22%
Magic:  3/8        EV: 20    Int: 14    God:
Gold:   61         SH:  0    Dex: 19    Spells: 2/8 levels left

rFire   . .          .
                       - Unarmed
rCold   . . .        (shield currently unavailable)
rNeg    . . .        a - melded +0 robe
rPois   x            (helmet currently unavailable)
rElec   .            (cloak currently unavailable)
rCorr   .            (gloves currently unavailable)
SInv    .            (boots currently unavailable)
Will    .....        (no amulet)
Stlth   ++           (no ring)
HPRegen 0.25/turn    (no ring)
MPRegen 0.11/turn

%: no passive effects
@: spider-form, wereblooded
A: venomous fangs, tiny, (nimble swimmer 2), (mertail)
a: End Transformation


You were on level 3 of the Dungeon.
You were a venomous arachnid creature.
You visited 1 branch of the dungeon, and saw 3 of its levels.

You collected 61 gold pieces.

Inventory:

Armour
 a - a +0 robe (melded)
Jewellery
 e - a ring of flight
 g - a +4 ring of slaying
 j - a ring of poison resistance
Scrolls
 c - a scroll of identify {unknown}
 d - a scroll of brand weapon {unknown}
 k - a scroll of teleportation {unknown}
 l - a scroll of fear {unknown}
 m - a scroll of blinking {unknown}
 n - a scroll of noise {unknown}
 q - a scroll of summoning {unknown}
Potions
 b - a potion of lignification
 f - 2 potions of curing {unknown}
 h - a potion of degeneration {unknown}
 i - a potion of flight {unknown}
 o - a potion of might {unknown}
 p - a potion of haste {unknown}


   Skills:
 - Level 1.1 Fighting
 - Level 2.6 Dodging
 + Level 4.1 Unarmed Combat
 + Level 2.8 Spellcasting
 - Level 4.0 Transmutations


You had 2 spell levels left.
You knew the following spells:

 Your Spells              Type           Power      Damage    Failure   Level
a - Beastly Appendage     Tmut           26%        N/A       13%         1
b - Wereblood             Tmut           13%        N/A       17%         2
c - Spider Form           Tmut/Pois      7%         N/A       50%         3

Your spell library contained the following spells:

 Spells                   Type           Power      Damage    Failure   Level
 Freeze                   Ice            8%         1d3       43%         1
 Frozen Ramparts          Ice            4%         1d1       75%         3
 Hailstorm                Conj/Ice       2%         3d3       75%         3
 Ice Form                 Ice/Tmut       7%         N/A       85%         4


Dungeon Overview and Level Annotations

Branches:
Dungeon (3/15)

Altars:


Innate Abilities, Weirdness & Mutations

You are a venomous arachnid creature.
You have venomous fangs.
You are tiny and dextrous.
Your spellcasting is less reliable in this form.
Your armour is entirely melded.
You are incapable of wielding weapons or throwing items.
((You are very nimble when in or above water. (Stealth+, EV+, Speed+++)))
((Your lower body shifts to a powerful aquatic tail in water.))


Message History

The bat hits you. The bat misses you. The bat hits you but does no damage.
You hit the bat.
You kill the bat!
No target in view!
No target in view!
Your transformation is almost over.
Your horns disappear.
q - a scroll labelled UZEOBB NEITAAM You now have 61 gold pieces (gained 7).
There is a stone staircase leading up, spattered with blood here.
You see here a +0 ring mail.
You see here a +0 leather armour.
There is a stone staircase leading up here.
Done exploring.
Done exploring.
Done exploring.
There is a stone staircase leading down here.
You climb downwards.
The hobgoblin shouts!
The gnoll shouts! x2
There is a stone staircase leading up here.
Casting: Beastly Appendage (safe; 4% risk of failure)
Confirm with . or Enter, or press ? or * to list all spells.
Your blood is infused with primal strength.
Casting: Wereblood (safe; 6% risk of failure)
Confirm with . or Enter, or press ? or * to list all spells.
The spell is quite dangerous to miscast (28% risk of failure)!
Continue anyway?
You turn into a venomous arachnid creature.
Your +0 robe melds into your body.
The gnoll barely misses you.
You hit the gnoll.
The gnoll is poisoned.
The gnoll is lightly wounded.
The gnoll hits you from afar with a +0 halberd!
The gnoll misses you.
You hit the gnoll.
The gnoll looks as sick as possible!
The gnoll is heavily wounded.
The gnoll hits you with a +0 whip. The gnoll completely misses you.
The gnoll misses you.
The gnoll hits you from afar with a +0 halberd!
* * * LOW HITPOINT WARNING * * *
The gnoll completely misses you. The gnoll hits you with a +0 whip.
You die...

.... #... #...
#... #######
#... .......
#... .......
##...#.......
#....sgg.....
#.....g......
#.......g......
#.#.###........
... .........
## ##.......
#######


You could see 3 gnolls and a hobgoblin.

Vanquished Creatures
  4 adders (D:2)
  A worm (D:2)
  3 endoplasms
  A giant cockroach (D:1)
  2 hobgoblins
  2 jackals (D:1)
  2 quokkas (D:2)
  4 ball pythons
  3 bats
  3 frilled lizards
  3 goblins
  4 kobolds
  A rat (D:1)
33 creatures vanquished.

Notes
Turn   | Place    | Note
-------+----------+-------------------------------------------
     0 | D:1      | growler the Merfolk Transmuter began the quest for the Orb.
     0 | D:1      | Reached XP level 1. HP: 15/15 MP: 3/3
   137 | D:1      | Reached XP level 2. HP: 16/21 MP: 3/5
   140 | D:1      | Learned a level 2 spell: Wereblood
   740 | D:2      | Reached XP level 3. HP: 21/26 MP: 4/6
   748 | D:2      | Found a faded altar of an unknown god.
   834 | D:2      | Learned a level 3 spell: Spider Form
  1310 | D:2      | Reached XP level 4. HP: 32/32 MP: 6/8
  1744 | D:3      | Slain by a gnoll

Illustrated notes

Levels and vault maps discovered:
D:1:      tarquinn_simple_flora_water_a, layout_rooms
D:2:      layout_loops_ring, nicolae_ecumenical_snake_handling
D:3:      layout_basic

Skill      XL: |  1  2  3  4 |
---------------+-------------+-----
Transmutations | 3 4 |  4.0
Unarmed Combat | 4 |  4.1
Fighting       | |  1.1
Dodging        | |  2.6
Spellcasting   | |  2.8

Action                     |  1- 3 |  4- 6 || total
---------------------------+-------+-------++-------
  Melee: Unarmed           |   104 |    16 ||   120
         Headbutt          |    17 |     4 ||    21
         Punch             |     3 |     1 ||     4
   Cast: Beastly Appendage |    18 |     4 ||    22
         Spider Form       |       |     1 ||     1
         Wereblood         |       |     1 ||     1
 Armour: Robe              |    21 |     5 ||    26
  Dodge: Dodged            |    64 |    17 ||    81
